[Event "FIDE WCCC G10 2018"]
[Site "Santiago de Compostela"]
[Date "2018.11.05"]
[Round "2"]
[White "Toth, Lili"]
[Black "Szczotka, Klara"]
[Result "0-1"]
[ECO "A80"]
[WhiteElo "2199"]
[BlackElo "1581"]
[Annotator "NA RC"]
[PlyCount "150"]
[EventDate "2018.11.04"]
[EventType "swiss"]
[EventCountry "ESP"]
[SourceTitle "playchess.com"]
[Source "ChessBase"]
[SourceQuality "1"]
[TimeControl "40/5400+30:1800+30"]

1. d4 f5 2. h3 Nf6 3. g4 d6 4. gxf5 Bxf5 5. Nf3 Nbd7 6. Nc3 Ne4 (6... e5 $15 {keeps the upper hand.}) 7. Nxe4 Bxe4 8. Bg2 Nf6 9. Rg1 Qd7 10. e3 ({White should play} 10. c4 $11) 10... g6 11. Bd2 Bh6 12. b3 O-O-O 13. a4 (13. c4 $17 {was necessary.}) 13... Kb8 14. c4 Rhe8 15. b4 (15. Bc3 $17 {was worth a try.}) 15... e5 16. Bc3 exd4 17. Bxd4 Nh5 18. Kf1 $2 (18. b5) 18... Rf8 19. Rh1 (19. Nd2 $142 Ng3+ 20. Ke1 Bxg2 21. Rxg2) 19... Qf5 20. Ke1 Bxf3 21. Bxf3 Qxf3 22. Qxf3 Rxf3 23. Ke2 Rdf8 24. Rh2 Bg7 25. Bxg7 Nxg7 26. a5 Ne6 27. Rd1 Kc8 28. h4 Nd8 29. Rd5 Nc6 30. Rg5 Nxb4 31. h5 gxh5 32. Rgxh5 Nc6 33. Rxh7 R3f7 34. R7h5 Rf5 35. Rxf5 Rxf5 36. Rh8+ Kd7 37. Rh7+ Ne7 38. f4 Rxa5 39. e4 Ra2+ 40. Kd3 Ra3+ 41. Kd2 Rf3 42. f5 Ke8 43. Rh8+ Kf7 44. Rh7+ Kf8 45. Rh8+ Kg7 46. Ra8 a6 47. Rb8 Rf2+ 48. Kc3 {[%emt 0:04:00] [#]} Rf3+ $2 (48... b5 $1 $19 49. Rb7 (49. cxb5 axb5) 49... Rf3+ 50. Kd2 bxc4 51. Rxc7 Kf6 52. Rxc4 d5 53. exd5 Rxf5) 49. Kd2 Rb3 50. Kc2 Rb6 51. Re8 Nc6 52. Kc3 a5 53. Re6 a4 54. Rg6+ Kf7 55. Rg2 Rb3+ 56. Kc2 Nd4+ 57. Kc1 Rc3+ 58. Kb2 Rxc4 59. Ka3 b5 60. Rb2 c5 61. Rd2 Rc3+ 62. Kb2 b4 63. Kb1 a3 64. Ra2 Nb3 65. Rc2 Rxc2 66. Kxc2 a2 67. Kxb3 a1=Q 68. Kc4 Qa6+ 69. Kb3 Qd3+ 70. Ka4 b3 71. Ka5 b2 72. Kb6 b1=Q+ 73. Kc7 Qa6 74. Kd8 Qb8+ 75. Kd7 Qac8# 0-1

[Event "FIDE WCCC G10 2018"]
[Site "Santiago de Compostela"]
[Date "2018.11.05"]
[Round "2"]
[White "Edithso, Samantha"]
[Black "Unurzul, Davaakhuu"]
[Result "1-0"]
[ECO "C54"]
[WhiteElo "1879"]
[BlackElo "1342"]
[Annotator "NA RC"]
[PlyCount "65"]
[EventDate "2018.11.04"]
[EventType "swiss"]
[EventCountry "ESP"]
[SourceTitle "playchess.com"]
[Source "ChessBase"]
[SourceQuality "1"]
[TimeControl "40/5400+30:1800+30"]

1. e4 e5 2. Nf3 Nc6 3. Bc4 Bc5 4. c3 Nf6 5. O-O (5. d3 $11) 5... d6 6. d4 exd4 7. cxd4 Bb6 8. d5 Ne5 {[%emt 0:01:50] C56: Two Knights: 4 d4 exd4 5 0-0 Nxe4} 9. Nxe5 {[%emt 0:00:26] LiveBook: 3 Games} dxe5 10. Bg5 (10. Nc3 O-O 11. h3 Ne8 12. Qe2 Nd6 13. Bd3 f5 14. exf5 Bxf5 15. Be3 {0-1 (31) Souleidis,G (2393)-Vishnu,P (2482) Llucmajor 2015}) 10... h6 11. Bb5+ $146 ({Predecessor:} 11. Bh4 O-O 12. Nc3 a6 13. Kh1 Qd6 14. Qe2 Bg4 15. f3 Bh5 16. Rad1 {0-1 (33) Hlavnicka,J (1949)-Kapoun,M (1835) Cesky Krumlov 2008}) 11... Bd7 12. Bxf6 gxf6 13. Bxd7+ Qxd7 14. Qf3 Qe7 (14... Rg8 $11) 15. Nc3 O-O-O 16. a4 Kb8 17. a5 Bd4 18. a6 b6 19. Rfc1 Rc8 20. Kh1 (20. Rc2 $18 {and White stays clearly on top.}) 20... Rhg8 (20... Rhd8 $142) 21. Qe2 ({Lieber} 21. Rc2 $16) 21... Qd7 22. Na2 Rg5 $2 (22... f5 $14) 23. Nb4 Rcg8 (23... f5 $142) 24. g3 h5 25. Rc4 (25. Nc6+ $142 Ka8 26. Qb5 Bxf2 {[#]} 27. Nxa7 $1 ) 25... Bc5 $2 {[%emt 0:06:29] [#]} (25... h4 26. Nc6+ (26. gxh4 Rg2 $19) 26... Ka8) 26. Rxc5 $1 f5 27. Qb5 Qd6 28. Rc6 Qf8 29. d6 R8g6 30. dxc7+ Kc8 31. Rd1 Rxc6 32. Qxc6 Qxb4 33. Qb7# 1-0

[Event "FIDE WCCC G10 2018"]
[Site "Santiago de Compostela"]
[Date "2018.11.05"]
[Round "2"]
[White "Shvedova, Alexandra"]
[Black "Zavivaeva, Evelina"]
[Result "1-0"]
[ECO "C53"]
[WhiteElo "1782"]
[BlackElo "1323"]
[Annotator "NA RC"]
[PlyCount "53"]
[EventDate "2018.11.04"]
[EventType "swiss"]
[EventCountry "ESP"]
[SourceTitle "playchess.com"]
[Source "ChessBase"]
[SourceQuality "1"]
[TimeControl "40/5400+30:1800+30"]

1. e4 e5 2. Nf3 Nc6 3. Bc4 Bc5 4. c3 Qe7 5. d4 Bb6 6. d5 Nb8 7. a4 a5 8. Be3 Bxe3 9. fxe3 Nf6 10. Nbd2 d6 11. O-O Bg4 12. Qe1 h6 13. h3 Bh5 14. Nh4 g5 15. Nf5 Qf8 16. Ng3 Qe7 17. Qf2 Ng4 18. hxg4 Bxg4 19. Be2 Bxe2 20. Qxe2 Nd7 21. Nf5 Qf8 22. Qb5 b6 23. Nc4 h5 24. Qc6 Rd8 25. Qxc7 Qg8 26. Ncxd6+ Kf8 27. Qxd8# {[%emt 0:00:05] Nb8} 1-0

[Event "FIDE WCCC G10 2018"]
[Site "Santiago de Compostela"]
[Date "2018.11.05"]
[Round "2"]
[White "Khamdamova, Afruza"]
[Black "Abdinova, Narmin"]
[Result "1/2-1/2"]
[ECO "C76"]
[WhiteElo "1691"]
[BlackElo "1320"]
[Annotator "NA RC"]
[PlyCount "99"]
[EventDate "2018.11.04"]
[EventType "swiss"]
[EventCountry "ESP"]
[SourceTitle "playchess.com"]
[Source "ChessBase"]
[SourceQuality "1"]
[TimeControl "40/5400+30:1800+30"]

1. e4 e5 2. Nf3 Nc6 3. Bb5 a6 4. Ba4 d6 5. c3 Bd7 6. d4 g6 7. O-O b5 8. Bb3 Bg7 9. dxe5 dxe5 10. Qd5 Qe7 11. Ng5 Nh6 12. Be3 Qd6 13. f4 Qxd5 14. Bxd5 exf4 15. Rxf4 f6 16. Ne6 Bxe6 17. Bxc6+ Kf7 18. Bxa8 Rxa8 19. Nd2 Ng4 20. Rf3 Nxe3 21. Rxe3 Rd8 22. Nf3 Bh6 23. Ree1 Bg4 24. Kf2 Bxf3 25. Kxf3 Rd3+ 26. Kf2 Ke6 27. a4 b4 28. cxb4 Rb3 29. Re2 Rxb4 30. Rc2 Ke5 31. Rxc7 Rxb2+ 32. Kf3 Rb3+ 33. Ke2 Rb2+ 34. Kf1 Be3 35. Ra3 Kf4 36. Rc6 Bd4 37. Rg3 a5 38. Ra6 Kxe4 39. Rxa5 f5 40. Ra8 Be5 41. Re8 Ra2 42. Rb3 Rxa4 43. Rb5 Ra1+ 44. Ke2 Ra2+ 45. Ke1 Ra1+ 46. Kd2 Ra2+ 47. Kc1 Ra1+ 48. Kc2 Ra2+ 49. Kb3 Rb2+ 50. Kc4 1/2-1/2

[Event "FIDE WCCC G10 2018"]
[Site "Santiago de Compostela"]
[Date "2018.11.05"]
[Round "2"]
[White "Zhou, Yafei"]
[Black "Bellahcene, Jenna"]
[Result "1-0"]
[ECO "D53"]
[WhiteElo "1648"]
[BlackElo "1311"]
[Annotator "NA RC"]
[PlyCount "141"]
[EventDate "2018.11.04"]
[EventType "swiss"]
[EventCountry "ESP"]
[SourceTitle "playchess.com"]
[Source "ChessBase"]
[SourceQuality "1"]
[TimeControl "40/5400+30:1800+30"]

1. d4 d5 2. c4 e6 3. Nc3 Nf6 4. Bg5 Be7 5. e3 c6 6. Nf3 O-O 7. Qc2 Nbd7 8. Bd3 dxc4 9. Bxc4 b5 10. Bd3 Bb7 11. O-O a6 12. Bxf6 Nxf6 13. Ne4 h6 14. Ne5 Rc8 15. Nc5 Qc7 16. Rac1 Bxc5 17. Qxc5 Rfd8 18. b4 Qd6 19. Bb1 Nd5 20. a3 Qxc5 21. Rxc5 Nf6 22. Rfc1 Rd5 23. R5c3 Rd6 24. Kf1 Kf8 25. Nd3 Nd7 26. Ke2 f6 27. Nc5 Nxc5 28. Rxc5 Rd5 29. R5c3 Kf7 30. Be4 Rd6 31. Rc5 g5 32. Bb1 Rd5 33. R5c3 Rd6 34. Ba2 Ke7 35. Rd3 e5 36. dxe5 fxe5 37. Rc5 Rxd3 38. Rxe5+ Kd6 39. Re6+ Kc7 40. Kxd3 Rd8+ 41. Kc3 Rd6 42. Rxd6 Kxd6 43. Kd4 Bc8 44. e4 Bd7 45. e5+ Ke7 46. Kc5 h5 47. Kb6 Bc8 48. Kxc6 g4 49. e6 Bxe6 50. Bxe6 Kxe6 51. Kb6 Kf5 52. Kxa6 Ke4 53. Kxb5 Kd3 54. a4 Ke2 55. a5 Kxf2 56. a6 Kxg2 57. a7 Kxh2 58. a8=Q g3 59. Qh8 g2 60. Qxh5+ Kg1 61. Kc4 Kf1 62. Qf3+ Kg1 63. Kd3 Kh1 64. Qh3+ Kg1 65. Ke3 Kf1 66. Kf3 Ke1 67. Qxg2 Kd1 68. Ke3 Kc1 69. Kd3 Kb1 70. Kc3 Ka1 71. Qb2# 1-0

[Event "FIDE WCCC G10 2018"]
[Site "Santiago de Compostela"]
[Date "2018.11.05"]
[Round "2"]
[White "Rouda Essa, Alserkal"]
[Black "Chekhani, Anna"]
[Result "1-0"]
[ECO "B40"]
[WhiteElo "1635"]
[BlackElo "1288"]
[Annotator "NA RC"]
[PlyCount "79"]
[EventDate "2018.11.04"]
[EventType "swiss"]
[EventCountry "ESP"]
[SourceTitle "playchess.com"]
[Source "ChessBase"]
[SourceQuality "1"]
[TimeControl "40/5400+30:1800+30"]

1. e4 c5 2. Nf3 e6 3. c3 d5 4. exd5 Qxd5 5. d4 Nf6 6. Na3 Be7 7. Bc4 Qd8 8. O-O O-O 9. h3 a6 10. Bf4 b5 11. Be2 Bb7 12. Ne5 Nc6 13. Nc2 Qb6 14. Bf3 Rfd8 15. Nxc6 Bxc6 16. Qe2 Nd5 17. Be3 Rac8 18. Ne1 c4 19. Rc1 a5 20. Bd2 Bb7 21. Bxd5 Rxd5 22. f4 Bf6 23. Nf3 h6 24. Ne5 Bxe5 25. fxe5 Rd7 26. Qg4 Kh8 27. Rce1 Kh7 28. Re3 g6 29. Rg3 Qd8 30. Rf6 Qg8 31. Qf4 Qg7 32. Rg4 g5 33. Qg3 Rg8 34. h4 gxh4 35. Qxh4 Qxf6 36. exf6 Rxg4 37. Qxg4 Rd8 38. Qh5 Kg8 39. Qxh6 Rd5 40. Qg7# 1-0

[Event "FIDE WCCC G10 2018"]
[Site "Santiago de Compostela"]
[Date "2018.11.05"]
[Round "2"]
[White "Gupta, Sara"]
[Black "Guid, Taja"]
[Result "1-0"]
[ECO "B20"]
[WhiteElo "1561"]
[BlackElo "1280"]
[Annotator "NA RC"]
[PlyCount "107"]
[EventDate "2018.11.04"]
[EventType "swiss"]
[EventCountry "ESP"]
[SourceTitle "playchess.com"]
[Source "ChessBase"]
[SourceQuality "1"]
[TimeControl "40/5400+30:1800+30"]

1. e4 c5 2. b3 Nc6 3. Bb2 Nf6 4. e5 Nd5 5. Nf3 e6 6. Bb5 Be7 7. Bxc6 bxc6 8. O-O O-O 9. d3 f6 10. Nbd2 fxe5 11. Nxe5 Bf6 12. Ne4 Qc7 13. Nxf6+ Nxf6 14. Qf3 Bb7 15. Qg3 d6 16. Ng4 Nxg4 17. Qxg4 e5 18. f4 Bc8 19. Qg3 exf4 20. Rxf4 Rxf4 21. Qxf4 Be6 22. Re1 Rf8 23. Qg5 Rf5 24. Qxg7+ Qxg7 25. Bxg7 Bxb3 26. axb3 Kxg7 27. Re7+ Rf7 28. Re6 Rf6 29. Re8 d5 30. Ra8 d4 31. Rxa7+ Kg6 32. Ra5 Rf5 33. g4 Rd5 34. Kf2 Kg5 35. Kg3 h6 36. h4+ Kg6 37. Kf4 Kf6 38. Ke4 Ke6 39. b4 cxb4 40. Rxd5 cxd5+ 41. Kxd4 Kd6 42. g5 h5 43. g6 Ke6 44. g7 Kf7 45. Kxd5 Kxg7 46. Kc4 Kf6 47. Kxb4 Kf5 48. c4 Kg4 49. c5 Kxh4 50. c6 Kg3 51. c7 h4 52. c8=Q h3 53. Qg8+ Kh2 54. Qg4 1-0

[Event "FIDE WCCC G10 2018"]
[Site "Santiago de Compostela"]
[Date "2018.11.05"]
[Round "2"]
[White "Da Cunha, Gabriela Goes"]
[Black "Ho, Ngoc Vy"]
[Result "0-1"]
[ECO "C68"]
[WhiteElo "1464"]
[BlackElo "1275"]
[Annotator "NA RC"]
[PlyCount "126"]
[EventDate "2018.11.04"]
[EventType "swiss"]
[EventCountry "ESP"]
[SourceTitle "playchess.com"]
[Source "ChessBase"]
[SourceQuality "1"]
[TimeControl "40/5400+30:1800+30"]

1. e4 e5 2. Nf3 Nc6 3. Bb5 a6 4. Bxc6 dxc6 5. d4 exd4 6. Qxd4 Bg4 7. Be3 Nf6 8. Nbd2 Be7 9. Qxd8+ Rxd8 10. O-O-O O-O 11. Bf4 Rc8 12. Rhe1 Rfe8 13. h3 Bh5 14. g4 Bg6 15. g5 Nh5 16. Bh2 Bc5 17. Re2 Bb6 18. Nh4 Rcd8 19. f4 f5 20. e5 Rd4 21. Ng2 Ra4 22. a3 Bf7 23. Nf3 Bd5 24. Nfh4 g6 25. Red2 Kf7 26. Rd3 Kg8 27. b4 a5 28. bxa5 Bxa5 29. Ne3 Nxf4 30. Bxf4 Rxf4 31. Nxd5 cxd5 32. Rxd5 Bc3 33. Rc5 Bxe5 34. Ng2 Rf2 35. Ne1 Bd6 36. Rcd5 Bxa3+ 37. Kb1 Bd6 38. Nd3 Rf3 39. Nc5 b6 40. Nb7 Be7 41. Re5 Rxh3 42. Rde1 Kf8 43. Nd8 Rxd8 44. Rxe7 Kg8 45. Rxc7 f4 46. Kb2 f3 47. Kc1 Rh2 48. Ree7 f2 49. Rg7+ Kh8 50. Rgf7 Rh1+ 51. Kb2 f1=Q 52. Rxf1 Rxf1 53. Rb7 Rg1 54. Rxb6 Rxg5 55. c4 h5 56. Rc6 h4 57. c5 h3 58. Re6 h2 59. Re1 Rg1 60. Rxg1 hxg1=Q 61. c6 Qg3 62. c7 Rd2+ 63. Kc1 Qe1# 0-1

[Event "FIDE WCCC G10 2018"]
[Site "Santiago de Compostela"]
[Date "2018.11.05"]
[Round "2"]
[White "Vu, My Linh"]
[Black "Zhapova, Yana"]
[Result "1-0"]
[ECO "D43"]
[WhiteElo "1349"]
[BlackElo "1821"]
[Annotator "NA RC"]
[PlyCount "87"]
[EventDate "2018.11.04"]
[EventType "swiss"]
[EventCountry "ESP"]
[SourceTitle "playchess.com"]
[Source "ChessBase"]
[SourceQuality "1"]
[TimeControl "40/5400+30:1800+30"]

1. d4 d5 2. c4 e6 3. Nc3 c6 4. Nf3 Nf6 5. cxd5 exd5 6. Bg5 Bf5 7. e3 Be7 8. Bd3 Bxd3 9. Qxd3 Nbd7 10. O-O O-O 11. Rac1 {LiveBook: 7 Games} Ne4 {D35: Damengambit (Abtauschvariante)} (11... Re8 12. h3 Bd6 13. Bf4 Bxf4 14. exf4 Nf8 15. Rfe1 Qd6 16. g3 N6d7 17. Kh2 Nb6 18. Rxe8 Rxe8 19. Re1 Rxe1 20. Nxe1 {0-1 (102) Ermeni,A (2307)-Buhmann,R (2580) Switzerland 2014}) 12. Bxe7 Qxe7 13. Nd2 Nd6 14. Na4 $146 ({Vorgänger:} 14. f3 f5 15. b4 Rae8 16. Rfe1 b5 17. e4 fxe4 18. fxe4 Nc4 19. Nxc4 dxc4 {0-1 (45) Ibrahim,A (2166)-Linskiy,O (2463) Montreal 2000}) 14... b5 (14... f5 $11) 15. Nc5 Nb6 16. b3 a5 17. Nf3 f6 18. Rfe1 Rfe8 19. Nh4 g6 20. g3 Ne4 21. f3 Nxc5 22. Rxc5 Qd6 23. Rec1 Rac8 24. Ng2 Nd7 25. R5c3 Rc7 26. Nf4 g5 27. Ng2 Rec8 28. e4 ({Better is} 28. Qf5 $14) 28... b4 29. R3c2 dxe4 30. Qc4+ Kg7 31. Ne3 Kg6 32. fxe4 Re8 33. Qd3 $2 (33. e5 $18 Qe6 34. Qe2) 33... Ne5 $1 34. Nf5 $1 Nxd3 35. Nxd6 Re6 36. Rd1 Rxd6 37. Rxd3 Rcd7 38. Rcd2 Re6 39. Re3 f5 $2 (39... Rde7 $11) 40. exf5+ Kxf5 $18 41. Rf2+ Kg4 42. Rxe6 Rxd4 43. Rh6 Rd7 44. Kg2 1-0

[Event "FIDE WCCC G10 2018"]
[Site "Santiago de Compostela"]
[Date "2018.11.05"]
[Round "2"]
[White "Novikova, Daria"]
[Black "Kleymenova, Valeria"]
[Result "0-1"]
[ECO "D36"]
[WhiteElo "1339"]
[BlackElo "1773"]
[Annotator "NA RC"]
[PlyCount "97"]
[EventDate "2018.11.04"]
[EventType "swiss"]
[EventCountry "ESP"]
[SourceTitle "playchess.com"]
[Source "ChessBase"]
[SourceQuality "1"]
[TimeControl "40/5400+30:1800+30"]

1. d4 d5 2. c4 c6 3. Nc3 e6 4. cxd5 exd5 5. Qc2 Nf6 6. Bg5 Be7 7. e3 O-O 8. Bd3 h6 9. Bf4 Re8 10. Nf3 Bd6 11. Bg3 Qe7 12. Bxd6 Qxd6 13. Ne5 Nbd7 14. f4 Qe7 15. O-O Nf8 16. a3 N6d7 17. Rf3 f6 18. Ng6 Qd6 19. Rg3 Nxg6 20. Bxg6 Re7 21. Bh7+ Kh8 22. Bf5 Nb6 23. Bxc8 Rxc8 24. Rf1 Rce8 25. Rff3 Nc4 26. Kf2 Rxe3 27. Rxe3 Qxf4+ 28. Rgf3 Nxe3 29. Rxf4 Nxc2 30. Ne2 Kh7 31. Rg4 Ne3 32. Rg3 Nf5 33. Rc3 Nd6 34. Ng3 f5 35. Rb3 g5 36. Kf3 Kg6 37. Ne2 h5 38. Nc3 f4 39. Na4 b5 40. Nc5 Nc4 41. Rc3 Nxb2 42. Nd7 Nc4 43. Ne5+ Kf5 44. Nxc6 Nd2+ 45. Kf2 Ne4+ 46. Kf1 Nxc3 47. Nxa7 Ra8 48. Nc6 Rxa3 49. Ne7+ {[%emt 0:00:08] Ke5} 0-1

[Event "FIDE WCCC G10 2018"]
[Site "Santiago de Compostela"]
[Date "2018.11.05"]
[Round "2"]
[White "Kurmanalina, Deniza"]
[Black "Zakirova, Aisha"]
[Result "1-0"]
[ECO "B22"]
[WhiteElo "1320"]
[BlackElo "1678"]
[Annotator "NA"]
[PlyCount "139"]
[EventDate "2018.11.04"]
[EventType "swiss"]
[EventCountry "ESP"]
[SourceTitle "playchess.com"]
[Source "ChessBase"]
[SourceQuality "1"]
[TimeControl "40/5400+30:1800+30"]

1. e4 c5 2. c3 Qa5 3. Nf3 Nc6 4. Be2 Nf6 5. d3 d6 6. Nbd2 g6 7. Nc4 Qc7 8. O-O Bg7 9. Bf4 b5 10. Ne3 a6 11. Bg5 e6 12. Rc1 O-O 13. Qd2 Bb7 14. h3 Rac8 15. Nh2 Nd7 16. f4 f6 17. Bh4 Nb6 18. Bg3 f5 19. exf5 exf5 20. Bf3 Qf7 21. b3 Rfe8 22. Rfe1 Kh8 23. Kh1 d5 24. Nc2 a5 25. d4 cxd4 26. Nxd4 Nxd4 27. cxd4 Rxe1+ 28. Rxe1 Qc7 29. Qxa5 Qc6 30. Qd2 Nd7 31. Nf1 Nf6 32. Qb4 Bf8 33. Qd2 Ne4 34. Bxe4 dxe4 35. Ne3 Bg7 36. d5 Qd6 37. Rc1 Rd8 38. Qe2 Qb6 39. Bh4 Rd7 40. Rd1 Qc5 41. Bf2 Qb4 42. Nc2 Qa5 43. Nd4 Rxd5 44. Ne6 Bf6 45. Rxd5 Bxd5 46. Bd4 Bxd4 47. Nxd4 b4 48. Qb5 Qa8 49. Qxb4 e3 50. Qc3 Kg8 51. Qxe3 Bxg2+ 52. Kg1 Be4 53. a4 Bh1 54. Qe2 Be4 55. Nb5 Qf8 56. Qc4+ Kh8 57. a5 Qh6 58. Qc8+ Kg7 59. Qd7+ Kf6 60. Qd6+ Kg7 61. Qe7+ Kg8 62. Nd6 g5 63. Qxg5+ Qxg5+ 64. fxg5 Bd3 65. b4 Kf8 66. Nb7 Ke7 67. Nc5 Bb5 68. a6 Kd6 69. Kf2 Kc6 70. a7 1-0

[Event "FIDE WCCC G10 2018"]
[Site "Santiago de Compostela"]
[Date "2018.11.05"]
[Round "2"]
[White "Rajanya Datta"]
[Black "Braeutigam, Katerina"]
[Result "1-0"]
[ECO "B01"]
[WhiteElo "1312"]
[BlackElo "1647"]
[Annotator "NA RC"]
[PlyCount "27"]
[EventDate "2018.11.04"]
[EventType "swiss"]
[EventCountry "ESP"]
[SourceTitle "playchess.com"]
[Source "ChessBase"]
[SourceQuality "1"]
[TimeControl "40/5400+30:1800+30"]

1. e4 d5 2. exd5 Qxd5 3. Nc3 Qa5 4. d4 Nf6 5. Bc4 c6 6. Bd2 Bf5 7. Nd5 Qd8 8. Nxf6+ exf6 9. Nf3 Be7 10. O-O O-O 11. Re1 Bd6 12. Nh4 Bc8 13. Qh5 g6 14. Nxg6 1-0

[Event "FIDE WCCC G10 2018"]
[Site "Santiago de Compostela"]
[Date "2018.11.05"]
[Round "2"]
[White "Gvatua, Mariam"]
[Black "Vlasova, Olesia"]
[Result "0-1"]
[ECO "B20"]
[WhiteElo "1298"]
[BlackElo "1639"]
[Annotator "NA RC"]
[PlyCount "64"]
[EventDate "2018.11.04"]
[EventType "swiss"]
[EventCountry "ESP"]
[SourceTitle "playchess.com"]
[Source "ChessBase"]
[SourceQuality "1"]
[TimeControl "40/5400+30:1800+30"]

1. e4 c5 2. d3 Nc6 3. g3 g6 4. Bg2 Bg7 5. Nd2 e6 6. Ne2 Nge7 7. O-O O-O 8. f4 d6 9. Nf3 Rb8 10. h3 b5 11. g4 f5 12. Ng3 Qc7 13. Kh1 Bd7 14. Rg1 a5 15. c3 b4 16. c4 Nd4 17. Rb1 Nec6 18. b3 Qd8 19. Bb2 fxg4 20. hxg4 Rxf4 21. Bc1 Rf7 22. Bg5 Bf6 23. Bxf6 Qxf6 24. Rf1 Nxf3 25. Bxf3 Nd4 26. Kg2 Rbf8 27. Be2 Qg5 28. Qc1 Rf4 29. Qe3 e5 30. Rbd1 Nxe2 31. Nxe2 Rxg4+ 32. Ng3 Qxe3 0-1

[Event "FIDE WCCC G10 2018"]
[Site "Santiago de Compostela"]
[Date "2018.11.05"]
[Round "2"]
[White "Vojinovic, Anastasija"]
[Black "Anupam M Sreekumar"]
[Result "0-1"]
[ECO "C54"]
[WhiteElo "1285"]
[BlackElo "1615"]
[Annotator "NA RC"]
[PlyCount "72"]
[EventDate "2018.11.04"]
[EventType "swiss"]
[EventCountry "ESP"]
[SourceTitle "playchess.com"]
[Source "ChessBase"]
[SourceQuality "1"]
[TimeControl "40/5400+30:1800+30"]

1. e4 e5 2. Nf3 Nc6 3. Bc4 Bc5 4. c3 Nf6 5. d3 d6 6. Nbd2 a5 7. O-O Bg4 8. h3 Bh5 9. Re1 O-O 10. Nf1 Bg6 11. Ng3 Ba7 12. Nh4 Nxe4 13. dxe4 Qxh4 14. Qf3 Kh8 15. Nf5 Qf6 16. Qg4 h6 17. Be3 Bxf5 18. exf5 Ne7 19. Bxa7 Rxa7 20. Bd3 d5 21. f3 c5 22. Rad1 c4 23. Bc2 Rd8 24. Rd2 b5 25. b3 Rad7 26. Red1 d4 27. Be4 Nd5 28. Bxd5 dxc3 29. Rc2 Rxd5 30. Rxd5 Rxd5 31. Rxc3 e4 32. Re3 exf3 33. Rxf3 Rd1+ 34. Kh2 Qd6+ 35. Rg3 Qd4 36. bxc4 Qg1# 0-1

[Event "FIDE WCCC G10 2018"]
[Site "Santiago de Compostela"]
[Date "2018.11.05"]
[Round "2"]
[White "Khanyl, Chuluuntuya"]
[Black "Chen, Yining"]
[Result "0-1"]
[ECO "D03"]
[WhiteElo "1276"]
[BlackElo "1457"]
[Annotator "NA RC"]
[PlyCount "114"]
[EventDate "2018.11.04"]
[EventType "swiss"]
[EventCountry "ESP"]
[SourceTitle "playchess.com"]
[Source "ChessBase"]
[SourceQuality "1"]
[TimeControl "40/5400+30:1800+30"]

1. d4 d5 2. Nf3 Nf6 3. Bg5 Ne4 4. Bh4 g6 5. Nbd2 Bg7 6. e3 Nxd2 7. Qxd2 O-O 8. h3 c5 9. c3 b6 10. Bd3 Bb7 11. O-O Nd7 12. Rfe1 Nf6 13. Ne5 Ne4 14. Qc2 Qc7 15. f4 f6 16. Nf3 c4 17. Bxe4 dxe4 18. Nd2 Qc6 19. a4 e5 20. fxe5 fxe5 21. a5 Rac8 22. axb6 axb6 23. Qa4 b5 24. Qb4 exd4 25. cxd4 Rf5 26. Rec1 Bxd4 27. Nf1 Bg7 28. Rd1 Qc5 29. Qxc5 Rfxc5 30. Rd2 c3 31. bxc3 Bxc3 32. Rad1 Bxd2 33. Rxd2 Rc2 34. Rd7 R8c7 35. Rd8+ Kf7 36. Rh8 Ke6 37. Re8+ Kd5 38. Rd8+ Kc5 39. Rd1 b4 40. Rb1 Kc4 41. Be1 b3 42. Nd2+ Kd3 43. Nxb3 Kxe3 44. Bg3 Rf7 45. Re1+ Re2 46. Rc1 Rd7 47. Ra1 Bd5 48. Rd1 Be6 49. Rxd7 Bxd7 50. Nc5 Bc6 51. Ne6 Ra2 52. Nf8 Kd3 53. Nxh7 e3 54. Bh4 Rxg2+ 55. Kf1 e2+ 56. Ke1 Rg1+ 57. Kf2 e1=Q# 0-1

[Event "FIDE WCCC G10 2018"]
[Site "Santiago de Compostela"]
[Date "2018.11.09"]
[Round "5"]
[White "Zhapova, Yana"]
[Black "Novikova, Daria"]
[Result "1-0"]
[ECO "B41"]
[WhiteElo "1821"]
[BlackElo "1339"]
[Annotator "NA RC"]
[PlyCount "120"]
[EventDate "2018.11.04"]
[EventType "swiss"]
[EventCountry "ESP"]
[SourceTitle "playchess.com"]
[Source "ChessBase"]
[SourceQuality "1"]
[TimeControl "40/5400+30:1800+30"]

1. e4 c5 2. Nf3 e6 3. d4 cxd4 4. Nxd4 a6 5. c4 {[%emt 0:00:15] LiveBook: 2785 Games} Nf6 6. Nc3 Qc7 7. a3 d6 8. Be2 {[%emt 0:02:01] B41: Sicilian: Kan Variation: 5 c4} Nbd7 (8... Be7 9. Be3 O-O 10. O-O b6 11. Qd2 Bb7 12. f3 Nbd7 13. Rac1 Rfc8 14. Rfd1 Qd8 15. b4 Ne5 16. Na4 Nfd7 17. Nb3 Bc6 18. Nb2 Bb7 19. Na4 Bc6 20. Nb2 Bb7 21. Na4 Bc6 {½-½ (21) Ftacnik,L (2548)-Jobava,B (2665) Baku 2016}) 9. Be3 g6 10. Rc1 Bg7 11. O-O O-O 12. b4 b6 13. f3 Bb7 14. Qd2 Ne5 $146 ({Predecessor:} 14... Rad8 15. Nb3 {1-0 (36) Monnisha,G (2295)-Divya,D (2138) Mumbai 2018}) 15. Rfd1 Rfd8 16. Na4 Ned7 17. Bf1 Qb8 18. Nc3 a5 19. Ndb5 Ne8 20. Bd4 Nef6 21. Qf2 axb4 22. axb4 d5 23. exd5 exd5 24. cxd5 Bh6 25. Be3 Bf8 26. d6 Ne8 27. Bf4 Ndf6 28. Nc7 ({But not} 28. Qxb6 Ra6 $18) 28... Ra3 29. N3b5 Ra4 30. Bg3 Rd7 31. Nxe8 Nxe8 32. Nc7 Bxd6 33. Bxd6 Rxd6 34. Rxd6 Nxd6 35. Qxb6 Nc8 $2 (35... Qa7 36. Qxa7 Rxa7) 36. Qc5 $2 (36. Qf6 Rxb4 37. Qd8+ Kg7 38. Rc5 Bxf3 39. gxf3) 36... Qa7 {[%emt 0:00:31] [#]} 37. Nb5 (37. Rd1 $1 $18 {is more deadly.}) 37... Qb6 38. Qxb6 Nxb6 39. Nd6 Bd5 40. b5 Ra8 41. Ne4 Kg7 42. Kf2 f5 (42... Kf8 $16 {is a better defense.} 43. Nf6 Kg7) 43. Rc7+ Kh6 (43... Kf8 $142) 44. Nf6 Bg8 45. Nxg8+ Rxg8 46. Ke2 Rb8 (46... Re8+ {might work better.} 47. Kf2 Rb8) 47. Kd2 f4 48. Bd3 Nd5 $18 49. Rc5 Rd8 50. Rc4 Kg5 51. Rd4 Kf6 52. Be4 Ke5 53. Rxd5+ Rxd5+ 54. Bxd5 Kxd5 55. b6 Kc6 56. Kd3 Kxb6 57. Ke4 g5 58. Kf5 h6 59. Kg6 Kc5 60. Kxh6 Kd5 1-0

[Event "FIDE WCCC G10 2018"]
[Site "Santiago de Compostela"]
[Date "2018.11.09"]
[Round "5"]
[White "Kleymenova, Valeria"]
[Black "Vlasova, Olesia"]
[Result "1-0"]
[ECO "D00"]
[WhiteElo "1773"]
[BlackElo "1639"]
[Annotator "NA RC"]
[PlyCount "61"]
[EventDate "2018.11.04"]
[EventType "swiss"]
[EventCountry "ESP"]
[SourceTitle "playchess.com"]
[Source "ChessBase"]
[SourceQuality "1"]
[TimeControl "40/5400+30:1800+30"]

1. d4 d5 2. Bf4 Nf6 3. e3 e6 4. Nf3 c5 5. c3 Nc6 6. Bd3 Bd6 7. Bg3 O-O 8. Nbd2 b6 9. O-O Bb7 10. Qe2 Qc7 11. Rac1 Rfd8 12. Bh4 Qe7 13. e4 dxe4 14. Nxe4 Nb8 15. Nxf6+ gxf6 16. Ne5 Nd7 17. Qh5 Kf8 18. Qxh7 Ke8 19. Nxf7 Nf8 20. Bb5+ Rd7 21. Nxd6+ Qxd6 22. Qh5+ Ke7 23. Bxd7 Nxd7 24. dxc5 Qc6 25. f3 Qxc5+ 26. Qxc5+ Nxc5 27. Rcd1 Ba6 28. Rf2 Nd3 29. Rfd2 Rh8 30. Bg3 Rd8 31. b3 1-0